 Dungeon Crawl Stone Soup version 0.31.0-10-gcf4a605ca0 (webtiles) character file.

Game seed: 17575462233568360188

1381 groovy9 the Skirmisher (level 8, 0/73 HPs)
             Began as a Minotaur Hunter on Jan 25, 2024.
             Succumbed to a water moccasin's poison
             ... on level 5 of the Dungeon.
             The game lasted 00:12:53 (4686 turns).

groovy9 the Skirmisher (Minotaur Hunter)            Turns: 4686, Time: 00:12:54

Health: 0/73       AC: -1    Str: 15    XL:     8   Next: 39%
Magic:  7/7        EV: 12    Int:  6    God:
Gold:   216        SH:  0    Dex: 17    Spells: 7/7 levels left

rFire   . . .        p - +0 long sword
rCold   . . .        (no shield)
rNeg    . . .        c - +0 leather armour
rPois   .            (helmet restricted)
rElec   .            (no cloak)
rCorr   .            (no gloves)
SInv    .            (no boots)
Will    .....        (no amulet)
Stlth   ++           (no ring)
HPRegen 0.32/turn    (no ring)
MPRegen 0.10/turn

%: no passive effects
@: lethally poisoned (0 -> -18), corroded
A: horns 2, retaliatory headbutt
a: no special abilities


You were on level 5 of the Dungeon.
You visited 2 branches of the dungeon, and saw 6 of its levels.
You also visited: Ossuary.

You collected 216 gold pieces.

Inventory:

Hand Weapons
 a - a +0 shortbow
 p - a +0 long sword (weapon)
Armour
 c - a +0 leather armour (worn)
Wands
 k - a wand of flame (22)
Scrolls
 b - a scroll of butterflies
 d - a scroll of teleportation {unknown}
 f - a scroll of immolation {unknown}
 g - 3 scrolls of identify
 h - a scroll of blinking {unknown}
 i - a scroll of fear {unknown}
 m - 3 scrolls of poison {unknown}
 o - a scroll of fog {unknown}
 q - 2 scrolls of silence {unknown}
 r - 2 scrolls of vulnerability {unknown}
Potions
 e - 2 potions of brilliance
 j - a potion of magic
 l - 2 potions of attraction


   Skills:
 + Level 7.0 Fighting
 + Level 4.4 Long Blades
 * Level 9.6 Ranged Weapons
 - Level 2.1 Dodging
 - Level 0.7 Stealth


You had 7 spell levels left.
You didn't know any spells.
Your spell library contained the following spells:

 Spells                   Type           Power      Damage    Failure   Level
 Magic Dart               Conj           0%         1d3       52%         1
 Call Imp                 Summ           0%         N/A       67%         2
 Searing Ray              Conj           0%         2d4       67%         2
 Sublimation of Blood     Necr           0%         N/A       67%         2
 Fulminant Prism          Conj/Alch      0%         3d5       99%         4
 Summon Hydra             Summ           0%         N/A       100%        7


Dungeon Overview and Level Annotations

Branches:
Dungeon (5/15)             Temple (1/1) D:4         Ossuary (visited)

Altars:
Gozag
Nemelex Xobeh
Qazlal
Ru
Uskayaw
Vehumet
Wu Jian
Zin


Innate Abilities, Weirdness & Mutations

You have a pair of horns on your head.
You reflexively headbutt those who attack you in melee.


Message History

You kill the jelly!
You slash the water moccasin!
The water moccasin is moderately wounded.
The water moccasin closely misses you. The water moccasin bites you!
You slash the water moccasin!
The water moccasin is severely wounded.
The water moccasin misses you.
You closely miss the water moccasin.
The water moccasin is severely wounded.
The water moccasin bites you.
You are poisoned.
The water moccasin poisons you! The water moccasin bites you.
You are more poisoned.
The water moccasin poisons you!
You closely miss the water moccasin.
The water moccasin is severely wounded.
You feel very sick. The water moccasin bites you.
* * * LOW HITPOINT WARNING * * *
You barely miss the water moccasin.
The water moccasin is severely wounded.
* * * LOW HITPOINT WARNING * * *
You feel very sick. The water moccasin misses you.
The water moccasin barely misses you. You furiously retaliate!
You headbutt the water moccasin.
Okay, then.
You hit the water moccasin but do no damage.
The water moccasin is severely wounded.
* * * LOW HITPOINT WARNING * * *
You feel very sick. The water moccasin bites you.
* * * LOW HITPOINT WARNING * * *
You are lethally poisoned!
The water moccasin poisons you! The water moccasin closely misses you.
You slash the water moccasin!
You kill the water moccasin!
* * * LOW HITPOINT WARNING * * *
You feel extremely sick.
Your Fighting skill increases to level 7!
You die...

#.# #.# #.. ## #.#
.. .# #^# .. .# #.#
#. .# #.# #. .# #.#
#.#.###### ###.##
### #.##.........
.##..###.#
#....@.......
.###..##.#
#####.#.###..
.####....#####...#
..
...............###
...
..###....#####...#
... ..#
####.#######.# ..
..######...........
#
.......†.###########
#.######.#######


There were no monsters in sight!

Vanquished Creatures
  Grinder (D:3)
  A steam dragon (D:4)
  A water moccasin (D:5)
  A black bear (D:5)
  4 elf zombies (Ossuary)
  2 centaur zombies (Ossuary)
  A jelly (D:5)
  A bombardier beetle (D:5)
  A hound (D:4)
  4 human zombies (Ossuary)
  Ijyb (D:3)
  An iguana (D:5)
  An orc wizard (D:5)
  Natasha (thrice) (D:2)
  A crocodile zombie (Ossuary)
  3 mummies (Ossuary)
  Robin (D:3)
  2 adders
  2 dart slugs (D:1)
  3 ribbon worms
  5 orcs
  3 endoplasms
  4 giant cockroaches
  9 goblins
  11 hobgoblins
  3 jackals (D:2)
  5 kobolds
  A quokka (D:4)
  12 ball pythons
  6 bats
  5 rats
99 creatures vanquished.

Notes
Turn   | Place    | Note
-------+----------+-------------------------------------------
     0 | D:1      | groovy9 the Minotaur Hunter began the quest for the Orb.
     0 | D:1      | Reached XP level 1. HP: 18/18 MP: 0/0
   289 | D:1      | Reached XP level 2. HP: 21/25 MP: 1/1
   453 | D:1      | Reached skill level 5 in Ranged Weapons
   840 | D:2      | Reached XP level 3. HP: 31/31 MP: 2/2
   862 | D:2      | Noticed Natasha
   868 | D:2      | Killed Natasha
  1014 | D:2      | Found an ornate altar of the Wu Jian Council.
  1015 | D:2      | Noticed Natasha
  1019 | D:2      | Killed Natasha
  1020 | D:2      | Reached XP level 4. HP: 40/40 MP: 3/3
  1244 | D:2      | Noticed Natasha
  1248 | D:2      | Killed Natasha
  1249 | D:2      | Reached skill level 6 in Ranged Weapons
  1685 | D:3      | Reached XP level 5. HP: 39/46 MP: 4/4
  1775 | D:3      | Found a faded altar of an unknown god.
  1831 | D:3      | Found a sacrificial altar of Ru.
  1853 | D:3      | Noticed Grinder
  1855 | D:3      | Paralysed by Grinder for 3 turns
  1865 | D:3      | Killed Grinder
  1866 | D:3      | Reached skill level 7 in Ranged Weapons
  1866 | D:3      | Reached XP level 6. HP: 40/55 MP: 5/5
  1889 | D:3      | Reached skill level 5 in Fighting
  1931 | D:3      | Noticed Ijyb
  1934 | D:3      | Noticed Robin
  2082 | D:3      | Killed Robin
  2204 | D:3      | Killed Ijyb
  2490 | D:4      | Found a radiant altar of Vehumet.
  2707 | D:4      | Found a sand-covered staircase.
  2715 | Ossuary  | Entered an ossuary
  2771 | Ossuary  | Reached skill level 1 in Long Blades
  2808 | Ossuary  | Reached XP level 7. HP: 12/61 MP: 6/6
  2810 | Ossuary  | HP: 2/61 [crocodile zombie (6)]
  2817 | Ossuary  | Reached skill level 8 in Ranged Weapons
  3439 | D:4      | Noticed a steam dragon
  3468 | D:4      | Killed a steam dragon
  3469 | D:4      | Reached skill level 9 in Ranged Weapons
  3469 | D:4      | Reached XP level 8. HP: 43/71 MP: 7/7
  3810 | D:4      | Found a staircase to the Ecumenical Temple.
  4201 | Temple   | Entered the Ecumenical Temple
  4325 | D:5      | Entered Level 5 of the Dungeon
  4685 | D:5      | HP: 3/71 [poisoned by a water moccasin]
  4686 | D:5      | Succumbed to a water moccasin's poison

Illustrated notes

Levels and vault maps discovered:
D:1:      dpeg_arrival_tiny_f, layout_loops_ring, chequers_jeans
D:2:      layout_basic, basic_altar, grunt_ministairs_12, uniq_natasha
D:3:      layout_rooms, overflow_temple_1_default,
          shapermc_ecumenical_altar_flowoftime, nicolae_goblin_pals, uniq_robin,
          uniq_grinder
D:4:      layout_loops_ring, vehumet_altar_wand_db, minmay_temple_entry_statues,
          chequers_ossuary_entry_cave
D:5:      layout_loops_ring, dk_rats_in_the_wall
Temple:   hellmonk_temple_beads

Skill      XL: |  1  2  3  4  5  6  7  8 |
---------------+-------------------------+-----
Fighting       | 3 4 5 6 7 |  7.0
Ranged Weapons | 5 6 7 9 |  9.6
Long Blades    | 1 3 4 |  4.4
Dodging        | |  2.1
Stealth        | |  0.7

Action                     |  1- 3 |  4- 6 |  7- 9 || total
---------------------------+-------+-------+-------++-------
  Melee: Short sword       |       |     2 |       ||     2
         Long sword        |       |    21 |    28 ||    49
         Falchion          |       |    13 |       ||    13
         Headbutt          |       |    10 |     5 ||    15
         Punch             |       |     1 |       ||     1
   Fire: Shortbow          |    79 |   160 |   163 ||   402
    Use: Potion            |       |     6 |       ||     6
         Scroll            |       |     3 |       ||     3
 Armour: Leather armour    |    16 |    80 |    94 ||   190
  Dodge: Dodged            |    13 |    50 |    70 ||   133
